Map: Prion Terraces

Players

lesha - Winner!

  • Race: Terran Terran

A.I. 1 (Harder)

  • Race: Zerg Zerg

VOD

Have the link to the VOD?

Description

Time

  • Played on: Dec. 5, 2015, 4:09 a.m.
  • Length: 15:44
Show
View Real Time Build Order
Export as new Build Order

lesha Terran - Winner!

Build Orders: MMM Bio 

Get SALT Encoding   

  12  0:01  SCV  
  13  0:17  Supply Depot  
  13  0:18  SCV  
  14  0:33  SCV  
  15  0:42  Barracks  
  15  0:45  SCV  
  16  0:57  SCV  
  17  1:09  SCV  
  18  1:17  Command Center  
  18  1:23  SCV  
  19  1:35  Orbital Command  
  19  1:37  Marine  
  20  1:49  Refinery  
  20  1:50  Refinery  
  20  2:00  Marine  
  21  2:05  Supply Depot, SCV  
  22  2:18  SCV  
  23  2:28  Marine  
  23  2:31  SCV  
  24  2:41  Factory  
  24  2:43  SCV  
  26  2:45  Orbital Command  
  26  2:49  Marine  
  26  2:57  SCV  
  27  3:09  SCV  
  28  3:12  Barracks Tech Lab  
  28  3:13  Barracks  
  28  3:21  SCV x2  
  30  3:33  SCV, Starport  
  30  3:34  SCV  
  32  3:47  Bunker  
  32  3:51  SCV x2  
  32  3:52  Supply Depot  
  32  3:55  Refinery  
  34  3:57  Factory Tech Lab  
  34  4:03  SCV x2  
  36  4:11  Barracks  
  36  4:12  Barracks  
  36  4:15  SCV x2, Engineering Bay  
  36  4:16  Engineering Bay  
  38  4:19  Refinery  
  38  4:26  Supply Depot  
  38  4:29  Barracks Reactor  
  40  4:31  Marauder  
  40  4:36  Starport Reactor  
  40  4:45  SCV x2  
  40  4:52  Supply Depot, Marauder  
  44  4:58  SCV x2, Siege Tank  
  49  5:13  Marine  
  50  5:21  Marine x2  
  52  5:23  Barracks Reactor x2  
  52  5:27  Medivac x2  
  56  5:30  Terran Infantry Weapons Level 1, Terran Infantry Armor Level 1, Siege Tank  
  56  5:31  Marine  
  60  5:38  SCV x2  
  62  5:50  SCV x2  
  62  5:51  Marauder  
  62  5:52  Marine x2  
  68  6:08  Supply Depot  
  68  6:10  Supply Depot, Marine x2  
  70  6:12  Supply Depot  
  70  6:18  Barracks  
  70  6:20  Barracks  
  70  6:25  Barracks  
  70  6:28  Starport  
  70  6:30  Marauder, Marine x5  
  77  6:39  Stimpack  
  77  6:47  Marine  
  77  6:48  Marine  
  77  6:52  Marauder  
  81  7:01  Armory  
  81  7:04  Marine x4  
  85  7:13  Marauder  
  87  7:44  Marine x3  
  87  7:45  Marine x4  
  94  7:55  Supply Depot  
  94  7:57  Supply Depot  
  94  7:59  Supply Depot  
  94  8:01  Supply Depot  
  94  8:04  Supply Depot, Terran Infantry Weapons Level 2  
  94  8:16  Marine x2  
  94  8:17  Marauder  
  98  8:23  Medivac  
  98  8:24  Medivac  
  104  8:38  Marauder  
  104  8:39  Combat Shields  
  106  8:47  Medivac  
  106  8:53  Medivac  
  106  8:54  Medivac  
  110  9:00  Marauder  
  112  9:05  Command Center  
  112  9:10  Marine x2  
  112  9:11  Marine x7  
  112  9:17  Medivac  
  123  9:21  Command Center, Supply Depot  
  123  9:23  Supply Depot  
  123  9:24  Supply Depot x2  
  123  9:26  Marauder  
  123  9:28  Medivac, Marine x3  
  123  9:29  Marine  
  131  9:34  Terran Infantry Armor Level 2  
  131  9:47  Marauder  
  131  9:58  Concussive Shells  
  113  10:15  Marine x2  
  113  10:16  Marine x3  
  113  10:17  Barracks Reactor x2  
  113  10:18  Barracks Tech Lab  
  113  10:20  Medivac x2  
  122  10:21  Starport Reactor  
  122  10:24  Terran Infantry Weapons Level 3  
  122  10:31  Orbital Command  
  122  10:33  SCV x3  
  125  10:45  SCV  
  126  10:55  Orbital Command  
  126  11:04  Marine x6  
  126  11:05  Marine  
  126  11:06  Marauder  
  126  11:10  Medivac x3  
  126  11:11  Medivac  
  145  11:23  SCV x3  
  145  11:24  SCV  
  149  11:27  Marauder x2  
  149  11:28  Refinery  
  149  11:31  Refinery  
  151  11:48  Marauder  
  151  11:50  Refinery  
  151  11:53  Refinery  
  148  12:06  Marine x4  
  148  12:07  Marine x4  
  148  12:08  Marauder  
  133  12:09  Marine x2  
  133  12:10  Marauder  
  135  12:24  Marine x3  
  135  12:29  Marauder  
  140  12:31  Marauder  
  142  12:38  Marine x2  
  142  12:39  Marine x4  
  142  12:41  Medivac x4  
  154  12:49  Marine  
  154  12:50  Marine x2  
  154  12:51  Marauder  
  159  12:52  Marauder  
  159  12:57  SCV x3  
  159  12:58  SCV  
  164  13:01  Terran Infantry Armor Level 3  
  164  13:09  SCV x2  
  164  13:10  SCV x2  
  164  13:11  Medivac x2  
  172  13:18  Marauder x2  
  172  13:19  Medivac x2  
  177  13:27  Siege Tank  
  180  13:39  Marauder  
  180  13:40  Marauder  
  180  13:41  Medivac x2  
  186  13:48  Marine x6  
  189  13:49  Marine x2  
  196  14:02  Marauder  
  196  14:14  Marine x2  
  195  14:44  Siege Tank  
Show
View Real Time Build Order
Export as new Build Order

A.I. 1 (Harder) Zerg 

Build Orders: Hatch First, Lurkers 

Get SALT Encoding   

  12  0:00  Drone  
  13  0:12  Overlord  
  13  0:17  Drone  
  14  0:30  Drone x2  
  14  0:34  Drone  
  17  0:52  Hatchery  
  17  0:55  Drone  
  17  1:12  Drone, Spawning Pool  
  17  1:16  Drone  
  18  1:18  Extractor  
  18  1:21  Drone  
  18  1:28  Overlord  
  18  1:38  Drone  
  19  1:58  Queen  
  19  1:59  Zergling x2  
  19  2:00  Zergling x2  
  23  2:02  Roach Warren  
  23  2:04  Drone  
  23  2:07  Extractor  
  22  2:10  Drone  
  23  2:17  Zergling x2  
  24  2:23  Drone  
  25  2:33  Lair  
  25  2:53  Zergling x2  
  26  3:02  Extractor  
  26  3:03  Drone  
  26  3:04  Extractor  
  26  3:05  Drone  
  26  3:22  Overlord, Drone  
  27  3:32  Drone, Infestation Pit  
  27  3:36  Drone, Roach  
  27  3:40  Drone  
  31  3:42  Drone  
  31  3:46  Drone  
  33  3:50  Hydralisk Den  
  32  3:57  Drone  
  32  3:59  Overlord, Drone x2  
  32  4:00  Drone  
  36  4:05  Drone  
  37  4:16  Drone  
  38  4:18  Lurker Den  
  38  4:20  Hydralisk  
  40  4:34  Roach  
  42  4:39  Overlord  
  42  4:47  Roach  
  42  4:50  Drone  
  45  4:53  Drone  
  45  4:57  Drone  
  45  4:59  Drone, Hydralisk  
  50  5:04  Overlord  
  50  5:07  Drone  
  50  5:10  Drone  
  50  5:12  Hydralisk  
  50  5:13  Drone  
  55  5:15  Drone  
  55  5:18  Drone  
  55  5:20  Drone  
  58  5:23  Drone  
  59  5:30  Overlord  
  59  5:33  Metabolic Boost  
  59  5:35  Drone  
  60  5:42  Evolution Chamber  
  59  5:43  Drone  
  59  5:45  Drone, Lurker  
  59  5:47  Lurker  
  59  5:48  Hydralisk  
  65  5:54  Drone  
  66  5:57  Overlord  
  66  6:00  Drone, Hydralisk  
  66  6:02  Drone  
  70  6:08  Zerg Melee Weapons Level 1  
  70  6:10  Drone  
  71  6:13  Drone  
  71  6:15  Drone  
  71  6:17  Drone  
  74  6:18  Drone  
  74  6:21  Overlord  
  74  6:24  Drone  
  76  6:29  Muscular Augments  
  76  6:32  Drone  
  77  6:33  Burrow  
  77  6:35  Roach  
  79  6:43  Overlord  
  79  6:48  Ravager, Roach  
  82  7:00  Overseer  
  82  7:01  Roach  
  84  7:03  Overlord  
  84  7:10  Baneling Nest  
  84  7:12  Spore Crawler  
  84  7:13  Spore Crawler, Hydralisk  
  84  7:15  Drone, Spore Crawler  
  83  7:17  Drone  
  83  7:20  Spore Crawler, Drone  
  84  7:25  Queen  
  84  7:26  Roach  
  88  7:32  Overlord  
  88  7:37  Hydralisk Den  
  88  7:38  Hydralisk  
  88  7:40  Spine Crawler  
  88  7:41  Drone  
  88  7:44  Queen  
  89  7:46  Spine Crawler  
  89  7:48  Drone, Spine Crawler  
  89  7:49  Drone  
  91  7:51  Hydralisk  
  91  7:53  Spine Crawler  
  91  7:54  Drone  
  93  8:02  Zerg Ground Armor Level 1  
  93  8:03  Spire  
  93  8:04  Drone  
  93  8:05  Lurker x2  
  95  8:07  Evolution Chamber, Hydralisk  
  95  8:08  Overseer  
  95  8:09  Drone  
  97  8:20  Hydralisk  
  99  8:32  Zerg Missile Weapons Level 1  
  99  9:12  Infestor  
  99  9:13  Overlord, Overseer  
  99  9:14  Overlord, Pneumatized Carapace  
  99  9:16  Roach  
  103  9:20  Roach  
  103  9:22  Hatchery  
  103  9:23  Roach  
  106  9:25  Overseer  
  106  9:27  Roach  
  108  9:31  Infestor  
  108  9:32  Overlord  
  108  9:35  Roach  
  112  9:39  Roach  
  112  9:42  Hydralisk  
  116  9:50  Zergling x2  
  107  9:53  Hydralisk  
  107  9:56  Zerg Melee Weapons Level 2  
  107  9:58  Roach  
  97  10:01  Roach  
  97  10:05  Roach  
  85  10:08  Roach  
  85  10:12  Roach  
  86  10:15  Hydralisk  
  86  10:16  Overseer  
  86  10:19  Roach  
  90  10:22  Hydralisk  
  90  10:26  Zerg Ground Armor Level 2, Hydralisk  
  94  10:29  Hydralisk  
  94  10:33  Hydralisk  
  98  10:36  Drone x3  
  98  10:42  Queen  
  101  10:47  Extractor  
  101  10:49  Drone, Spore Crawler  
  102  10:50  Drone  
  102  10:52  Spore Crawler, Drone  
  102  10:53  Extractor  
  102  10:55  Drone  
  102  10:56  Hatchery  
  102  10:58  Drone  
  102  11:01  Pathogen Glands  
  103  11:10  Drone  
  103  11:11  Glial Reconstitution  
  104  11:15  Spine Crawler  
  104  11:16  Drone  
  104  11:17  Drone x2  
  104  11:18  Spine Crawler  
  105  11:19  Drone, Zerg Flyer Weapons Level 1  
  106  11:41  Hive  
  106  11:56  Queen  
  106  11:58  Zergling x2  
  102  12:02  Infestor  
  102  12:06  Roach  
  76  12:10  Roach  
  76  12:12  Zerg Missile Weapons Level 2  
  76  12:13  Roach  
  72  12:15  Overlord  
  72  12:17  Roach  
  72  12:19  Overseer, Extractor  
  72  12:21  Roach, Extractor  
  74  12:24  Roach  
  74  12:27  Hydralisk  
  74  12:28  Overseer  
  78  12:30  Hydralisk  
  78  12:33  Roach  
  78  12:34  Overlord, Roach  
  78  12:36  Roach  
  78  12:37  Hydralisk  
  78  12:40  Hydralisk  
  78  12:43  Drone, Zergling x2  
  71  12:45  Drone x2, Roach  
  71  12:47  Roach  
  67  12:52  Overlord  
  67  12:53  Roach  
  67  12:54  Drone, Infestor  
  67  12:57  Roach  
  56  12:59  Drone, Ultralisk Cavern  
  56  13:02  Hydralisk  
  55  13:05  Drone  
  55  13:08  Drone  
  55  13:11  Drone  
  57  13:15  Drone  
  57  13:18  Drone  
  58  13:20  Drone  
  58  13:26  Roach  
  52  13:31  Roach  
  49  13:35  Roach  
  49  13:40  Roach  
  49  13:44  Drone  
  49  13:46  Drone  
  51  13:50  Drone  
  51  13:54  Drone  
  53  13:56  Drone  
  53  13:59  Drone  
  51  14:05  Hydralisk x2  
  32  14:23  Drone  
  30  14:28  Drone  
  30  14:29  Drone  
  17  14:39  Drone x2  
  17  14:41  Drone x2  
  17  14:43  Drone  
  16  14:48  Hatchery  
  7  15:22  Drone  
Tags
 
Add a new tag
Caveats
  • Supply blocks, unpowered buildings, or Contaminate may cause inaccurate times.
  • Supply counts are checked every 10 seconds.